 Dungeon Crawl Stone Soup version 0.21.0-37-g46506fa (webtiles) character file.

770 digijack the Covered (level 7, -8/61 HPs)
             Began as a Minotaur Fighter on Jan 11, 2018.
             Was an Initiate of Makhleb.
             Mangled by Sigmund
             ... wielding a +0 scythe of freezing
              (9 damage)
             ... on level 5 of the Dungeon on Jan 30, 2018.
             The game lasted 00:20:31 (4255 turns).

digijack the Covered (Minotaur Fighter)             Turns: 4255, Time: 00:20:32

Health: -8/61      AC:  0    Str: 20    XL:     7   Next: 52%
Magic:  0/6        EV: 10    Int: 10    God:    Makhleb [......]
Gold:   223        SH: 10    Dex: 14    Spells: 6/6 levels left

rFire    . . .     SeeInvis .   a - +1 war axe
rCold    . . .     Gourm    .   c - +0 shield
rNeg     . . .     Faith    .   b - +0 scale mail
rPois    .         Spirit   +   (helmet restricted)
rElec    .         Reflect  .   (no cloak)
rCorr    .         Harm     .   h - +0 pair of gloves
MR       .....                  (no boots)
Stlth    ..........             j - amulet of guardian spirit
HPRegen  0.20/turn              (no ring)
MPRegen  0.10/turn              n - +5 ring of intelligence

@: corroded
A: retaliatory headbutt, horns 2, agile 1, subdued magic 1
a: Renounce Religion


You were on level 5 of the Dungeon.
You worshipped Makhleb.
Makhleb was noncommittal.
You were not hungry.

You visited 1 branch of the dungeon, and saw 5 of its levels.

You collected 223 gold pieces.

Inventory:

Hand Weapons
 a - a +1 war axe (weapon)
Armour
 b - a +0 scale mail (worn)
 c - a +0 shield (worn)
 h - a +0 pair of gloves (worn)
Jewellery
 j - an amulet of guardian spirit (around neck)
 n - a +5 ring of intelligence (right hand)
Scrolls
 e - 3 scrolls of teleportation
 i - 3 scrolls of identify
 k - 2 scrolls of fear
Potions
 d - 2 potions of might
 l - a potion of flight
Comestibles
 f - 3 rations
 g - a chunk of flesh


   Skills:
 + Level 5.4 Fighting
 + Level 4.7 Axes
 + Level 5.5 Armour
 * Level 5.0 Dodging
 + Level 5.5 Shields


You had 6 spell levels left.
You didn't know any spells.

Dungeon Overview and Level Annotations

Branches:
Dungeon (5/15)
 Temple: D:4-7

Altars:
Makhleb
Okawaru
Sif Muna
Uskayaw
Vehumet

Annotations:
D:5 Grinder, Sigmund


Innate Abilities, Weirdness & Mutations

You reflexively headbutt those who attack you in melee.
You have a pair of horns on your head.
You are agile. (Dex +2)
Your spells are a little easier to cast, but a little less powerful.


Message History

Grinder gestures at you.
You struggle to resist.
Sigmund breathes a few words.
Sigmund's hands start flickering wildly.
Sigmund hits you with a scythe of freezing!
* * * LOW HITPOINT WARNING * * *
Sigmund freezes you.
* * * LOW HITPOINT WARNING * * *
Grinder hits you.
* * * LOW HITPOINT WARNING * * *
You slash Grinder!
Grinder is severely wounded.
You hit Sigmund but do no damage. Sigmund casts a spell at you.
You resist with some effort. Grinder closely misses you.
You hit Grinder. You headbutt Grinder.
Grinder is almost dead.
You hit Sigmund but do no damage.
Sigmund hits you with a scythe of freezing!
You die...

#.....### ###....
........### ##....#.
..........########.....##
.........................
..............###########
..............# #
..............## #
...............# #
........@......# #
........@5.....# #
................# #
.......#........# #
......###.......# #
....## #........# ..##
##.......# ......


You could see Grinder and Sigmund.

Vanquished Creatures
  Menkaure (D:4)
  An ogre (D:4)
  A phantom (D:5)
  3 scorpions (D:4)
  A jelly (D:5)
  A hound (D:4)
  A centaur skeleton (D:4)
  Jessica (D:2)
  2 worker ants (D:4)
  Natasha (thrice) (D:3)
  2 adders
  An ooze (D:3)
  An adder skeleton (D:2)
  3 worms
  4 dart slugs
  A leopard gecko (D:3)
  3 giant cockroaches
  5 goblins
  7 hobgoblins
  4 jackals (D:3)
  6 kobolds
  A quokka (D:4)
  A ball python (D:3)
  6 bats
  5 frilled lizards
  A jackal skeleton (D:4)
  A leopard gecko zombie (D:5)
  4 rats
71 creatures vanquished.

Notes
Turn   | Place    | Note
-------+----------+-------------------------------------------
     0 | D:1      | digijack the Minotaur Fighter began the quest for the Orb.
     0 | D:1      | Reached XP level 1. HP: 19/19 MP: 0/0
   145 | D:1      | Reached XP level 2. HP: 23/27 MP: 1/1
   613 | D:1      | Reached skill level 1 in Dodging
   852 | D:2      | Noticed Jessica
   866 | D:2      | Killed Jessica
   866 | D:2      | Reached XP level 3. HP: 7/33 MP: 2/2
  1346 | D:2      | Reached XP level 4. HP: 34/40 MP: 3/3
  1736 | D:2      | Gained mutation: Your spells are a little easier to cast, but a little less powerful. [potion of mutation]
  1736 | D:2      | Gained mutation: You are agile. (Dex +2) [potion of mutation]
  1825 | D:3      | Noticed Natasha
  1830 | D:3      | Killed Natasha
  2048 | D:3      | Noticed Natasha
  2052 | D:3      | Killed Natasha
  2124 | D:3      | Noticed Natasha
  2137 | D:3      | Killed Natasha
  2137 | D:3      | Reached XP level 5. HP: 25/47 MP: 4/4
  2273 | D:3      | Found a hide-covered altar of Uskayaw.
  2276 | D:3      | Found an iron altar of Okawaru.
  2279 | D:3      | Found a deep blue altar of Sif Muna.
  2339 | D:3      | Found a deep blue altar of Sif Muna.
  2686 | D:4      | Noticed Menkaure
  2691 | D:4      | Killed Menkaure
  2691 | D:4      | Reached XP level 6. HP: 29/53 MP: 5/5
  3167 | D:4      | Found a radiant altar of Vehumet.
  3173 | D:4      | Reached skill level 5 in Armour
  3319 | D:4      | Reached skill level 5 in Fighting
  3319 | D:4      | Reached skill level 5 in Shields
  3349 | D:4      | Reached XP level 7. HP: 51/61 MP: 6/6
  3680 | D:4      | Found a burning altar of Makhleb.
  3685 | D:4      | Became a worshipper of Makhleb the Destroyer
  3868 | D:5      | Entered Level 5 of the Dungeon
  4147 | D:5      | Upgraded the game from 0.21.0-3-g78d12a8 to 0.21.0-37-g46506fa
  4236 | D:5      | Noticed Sigmund
  4237 | D:5      | Noticed Grinder
  4239 | D:5      | Paralysed by Grinder for 7 turns
  4248 | D:5      | Reached skill level 5 in Dodging
  4253 | D:5      | HP: 1/61 [Grinder (3)]
  4255 | D:5      | Mangled by Sigmund

Skill      XL: |  1  2  3  4  5  6  7 |
---------------+----------------------+-----
Dodging        | 1 2 3 4 5 |  5.0
Fighting       | 4 5 |  5.4
Armour         | 4 5 |  5.5
Shields        | 4 5 |  5.5
Axes           | 3 4 |  4.7

Action                   |  1- 3 |  4- 6 |  7- 9 || total
-------------------------+-------+-------+-------++-------
Melee: War axe           |    68 |   110 |    35 ||   213
       Headbutt          |    13 |    20 |     8 ||    41
  Use: Scroll            |     6 |     2 |     3 ||    11
       Potion            |     4 |     5 |       ||     9
 Stab: Sleeping          |       |     1 |       ||     1
  Eat: Chunk             |     1 |     1 |       ||     2
       Ration            |       |     2 |     1 ||     3
Armor: Scale mail        |    17 |    27 |    12 ||    56
Dodge: Dodged            |    18 |    35 |    16 ||    69
Block: Shield            |    35 |    47 |    17 ||    99
